 Dungeon Crawl Stone Soup version 0.30-b1-2-g02819fbbbe (webtiles) character file.

Game seed: 2101213500405183232

8 Alarkh the Vexing (level 2, 21/21 HPs)
             Began as a Demonspawn Hexslinger on July 7, 2023.
             Got out of the dungeon alive.
             The game lasted 00:00:19 (342 turns).

Alarkh the Vexing (Demonspawn Hexslinger)            Turns: 342, Time: 00:00:19

Health: 21/21      AC:  2    Str: 10    XL:     2   Next: 0%
Magic:  3/3        EV: 12    Int: 14    God:
Gold:   47         SH:  0    Dex: 13    Spells: 2/3 levels left

rFire   . . .        a - +1 sling
rCold   . . .        (no shield)
rNeg    . . .        c - +0 robe
rPois   .            (no helmet)
rElec   .            (no cloak)
rCorr   .            (no gloves)
SInv    .            (no boots)
Will    .....        (no amulet)
Stlth   +            (no ring)
HPRegen 0.23/turn    (no ring)
MPRegen 0.08/turn

%: no passive effects
@: no status effects
A: demonic touch 1
a: no special abilities


You escaped.
You visited 1 branch of the dungeon, and saw 1 of its levels.

You collected 47 gold pieces.

Inventory:

Hand Weapons
 a - a +1 sling (weapon)
Armour
 c - a +0 robe (worn)
 h - a +0 cloak
Jewellery
 f - an amulet of magic regeneration
Scrolls
 b - 2 scrolls of poison
 e - 2 scrolls of fear {unknown}
 g - a scroll of magic mapping {unknown}
Potions
 d - a potion of resistance {unknown}


   Skills:
 - Level 1.0 Fighting
 + Level 2.5 Ranged Weapons
 - Level 1.7 Dodging
 - Level 1.0 Spellcasting
 - Level 3.0 Hexes


You had 2 spell levels left.
You knew the following spells:

 Your Spells              Type           Power      Damage    Failure   Level
a - Slow                  Hex            36%        N/A       8%          1

Your spell library contained the following spells:

 Spells                   Type           Power      Damage    Failure   Level
 Inner Flame              Hex/Fire       4%         N/A       38%         3
 Portal Projectile        Hex/Tloc       8%         N/A       38%         3
 Cause Fear               Hex            4%         N/A       58%         4


Dungeon Overview and Level Annotations

Branches:
Dungeon (1/15)

Altars:


Innate Abilities, Weirdness & Mutations

Your touch may inflict minor irresistible damage on your foes.


Message History

You kill the bat!
No target in view!
A kobold comes into view. It is wielding a +0 dagger.
A kobold is nearby!
A kobold is nearby!
Casting: Slow (safe; 8% risk of failure)
Confirm with . or Enter, or press ? or * to list all spells.
Aiming: Slow (safe; 8% risk of failure)
Press: ? - help, Shift-Dir - straight line, f - kobold
Aim: a kobold, wielding a +0 dagger and quivering stones (asleep, chance to affect: 61%)
The kobold shouts!
The kobold seems to slow down.
The kobold throws a stone.
The stone hits you but does no damage.
You shoot a sling bullet. The sling bullet hits the kobold.
You kill the kobold!
No target in view!
No target in view!
Found a stone staircase leading down.
You now have 39 gold pieces (gained 10).
You now have 47 gold pieces (gained 8).
There is a stone staircase leading down here.
g - a scroll labelled UFEAMNIANU You open the door.
e - 2 scrolls labelled HAEGAOWNA ZUTE (gained 1)
Found a cloak.
No target in view!
No target in view!
A bat comes into view.
You shoot a sling bullet. The sling bullet hits the bat.
You kill the bat!
You have reached level 2!
You feel monstrous as your demonic heritage exerts itself.
Your demonic ancestry asserts itself...
Your hands begin to faintly glow with unholy energy.
You see here a +0 cloak.
h - a +0 cloak You can't go up here!
There is a staircase leading out of the dungeon here.
Are you sure you want to leave the Dungeon?
This will make you lose the game!
You have escaped!

########....###...# #########
#.#....#...# ........# #.#....#
........# ##########.#....#
........# ##..........#....#
........# #.........###....#.
........# #..⌠...⌠..###....#...#
........####....>......#....#...#
........##......@....#......#...#
#..####....#.........###....+...#
##...##....#....∩....###....#....
...........#........#.......#....
...........#.#......+.....#.#....
....................#...[.#.#....
...........#######........#.#....
...........+.....'..........#....
...........#######....####..>....


There were no monsters in sight!

Vanquished Creatures
  2 endoplasms (D:1)
  2 hobgoblins (D:1)
  2 bats (D:1)
  A frilled lizard (D:1)
  A kobold (D:1)
8 creatures vanquished.

Notes
Turn   | Place    | Note
-------+----------+-------------------------------------------
     0 | D:1      | Alarkh the Demonspawn Hexslinger began the quest for the
                  | Orb.
     0 | D:1      | Reached XP level 1. HP: 15/15 MP: 2/2
   322 | D:1      | Discovered your monstrous ancestry.
   322 | D:1      | Gained mutation: Your touch may inflict minor irresistible
                  | damage on your foes. [demonic ancestry]
   322 | D:1      | Reached XP level 2. HP: 21/21 MP: 3/3
   342 | D:$      | Got out of the dungeon alive.

Illustrated notes

Levels and vault maps discovered:
D:1:      wander_arrival_desolate, layout_basic, feat_on_display

Skill      XL: |  1 |
---------------+----+-----
Ranged Weapons | 2 |  2.5
Fighting       | |  1.0
Dodging        | |  1.7
Spellcasting   | |  1.0
Hexes          | |  3.0

Action                     || total
---------------------------++-------
   Fire: Sling             ||    23
   Cast: Slow              ||     3
 Armour: Robe              ||     1
  Dodge: Dodged            ||     4
